 Dungeon Crawl Stone Soup version 0.24-a0-235-g3f03afcf10 (webtiles) character file.

Game seed: 14792609431000396268

25 HAL9000 the Sneak (level 3, -1/18 HPs)
             Began as a Vine Stalker Assassin on Apr 3, 2019.
             Slain by a goblin
             ... wielding a +0 club
              (4 damage)
             ... on level 2 of the Dungeon on Apr 5, 2019.
             The game lasted 00:04:32 (1132 turns).

HAL9000 the Sneak (Vine Stalker Assassin)           Turns: 1132, Time: 00:04:32

Health: -1/18      AC:  2    Str: 13    XL:     3   Next: 4%
Magic:  0/4        EV: 11    Int: 11    God:
Gold:   56         SH:  0    Dex: 16    Spells: 2/2 levels left

rFire    . . .     SeeInvis .   a - +3 dagger
rCold    . . .     Gourm    .   (no shield)
rNeg     . . .     Faith    .   j - -2 leather armour (curse)
rPois    .         Spirit   +   (no helmet)
rElec    .         Reflect  .   d - +0 cloak
rCorr    .         Harm     .   (no gloves)
MR       .....                  (no boots)
Stlth    +++.......             (no amulet)
HPRegen  0.06/turn              (no ring)
MPRegen  0.09/turn              (no ring)

@: no status effects
A: fangs 2, magic shield, antimagic bite, no potion heal 3, rot immunity
a: no special abilities


You were on level 2 of the Dungeon.
You were hungry.

You visited 1 branch of the dungeon, and saw 2 of its levels.

You collected 56 gold pieces.

Inventory:

Hand Weapons
 a - a +3 dagger (weapon)
 b - a +0 blowgun
Missiles
 e - 8 poisoned needles
 f - 2 curare-tipped needles
Armour
 c - a +0 robe
 d - a +0 cloak (worn)
 j - a cursed -2 leather armour (worn)
Scrolls
 i - a scroll of teleportation {unknown}
Potions
 h - a potion of invisibility {unknown}
Comestibles
 g - 3 rations


   Skills:
 - Level 1.7 Fighting
 + Level 3.1 Short Blades
 - Level 1.7 Throwing
 - Level 0.7 Dodging
 - Level 4.8 Stealth


You had 2 spell levels left.
You didn't know any spells.
Your spell library was empty.

Dungeon Overview and Level Annotations

Branches:
Dungeon (2/15)

Altars:

Annotations:
D:2 Sigmund


Innate Abilities, Weirdness & Mutations

You have extremely sharp teeth.
When hurt, damage is shared between your health and your magic reserves.
Your bite disrupts and absorbs the magic of your enemies.
Potions cannot restore your health.
You are immune to rotting.


Message History

Sigmund casts a spell at you. The magic dart hits you!
Sigmund casts a spell at you.
You are confused.
The goblin hits you with a +0 club. The goblin barely misses you.
Sigmund casts a spell at you. You resist with some effort.
The goblin hits you but does no damage.
Sigmund hits you from afar with a +4 antimagic scythe.
* * * LOW HITPOINT WARNING * * *
You feel your power leaking away. The goblin closely misses you.
You hit the goblin.
The goblin is severely wounded.
The goblin closely misses you. x2
Unknown command.
You feel less confused. Sigmund closely misses you.
The goblin hits you with a +0 club.
You die...

.............)...(..#######...
####....###########....)......
#.##..# ############
#.....###### #####......#
#...##...## #####.### .###
....#...###...#
....#..g@.....###
........g........
....#....@....##. ####
.....#..........# #..> ....
###....###.# #### .## #..#...#
.# #.####..# . ..# #.. #>## ##


You could see Sigmund and 2 goblins.

Vanquished Creatures
  A leopard gecko (D:1)
  A ball python (D:1)
  4 giant cockroaches (D:1)
  3 goblins (D:1)
  2 hobgoblins
  2 jackals (D:2)
  4 bats
  A kobold (D:1)
  3 rats (D:1)
21 creatures vanquished.

Notes
Turn   | Place    | Note
-------+----------+-------------------------------------------
     0 | D:1      | HAL9000 the Vine Stalker Assassin began the quest for the
                  | Orb.
     0 | D:1      | Reached XP level 1. HP: 11/11 MP: 2/2
    22 | D:1      | Upgraded the game from 0.24-a0-230-g536ed4e33c to
                  | 0.24-a0-232-g49d9ff80d8
    24 | D:1      | Upgraded the game from 0.24-a0-232-g49d9ff80d8 to
                  | 0.24-a0-235-g3f03afcf10
   227 | D:1      | Reached XP level 2. HP: 14/15 MP: 3/3
   849 | D:2      | Reached XP level 3. HP: 8/18 MP: 2/4
  1119 | D:2      | Noticed Sigmund
  1132 | D:2      | Slain by a goblin

Levels and vault maps discovered:
D:1:      dpeg_arrival_rooms_c, layout_basic
D:2:      layout_rooms, uniq_sigmund, uniq_jessica

Skill      XL: |  1  2 |
---------------+-------+-----
Short Blades   | 2 3 |  3.1
Fighting       | |  1.7
Throwing       | |  1.7
Dodging        | |  0.7
Stealth        | |  4.8

Action                   || total
-------------------------++-------
Melee: Dagger            ||    43
       Bite              ||     7
  Use: Scroll            ||     1
 Stab: Sleeping          ||     7
Armor: Robe              ||     2
       Leather armour    ||     4
Dodge: Dodged            ||    23

Table legend:
 A = Non-vault XP
 B = Vault XP
 C = Vault XP percentage of total XP
 D = Non-vault monster count
 E = Vault monster count
 F = Vault count percentage of total count
                 A         B        C        D         E       F
            +---------+---------+-------+---------+---------+-------
      Total |      36 |       0 |   0.0 |      21 |       0 |   0.0
            +---------+---------+-------+---------+---------+-------
        D:1 |      28 |       0 |   0.0 |      16 |       0 |   0.0
        D:2 |       8 |       0 |   0.0 |       5 |       0 |   0.0
            +---------+---------+-------+---------+---------+-------
